 Dungeon Crawl Stone Soup version 0.19.1-28-ge1247f7 (webtiles) character file.

114 Alarkh the Chopper (level 4, -3/35 HPs)
             Began as a Demonspawn Monk on Jan 21, 2017.
             Slain by a gnoll
             ... wielding a +0 halberd
              (11 damage)
             ... on level 3 of the Dungeon.
             The game lasted 00:01:57 (2506 turns).

Alarkh the Chopper (Demonspawn Monk)                Turns: 2506, Time: 00:01:58

Health: -3/35      AC:  5    Str: 11    XL:     4   Next: 66%
Magic:  4/4        EV: 13    Int: 12    God:
Gold:   173        SH:  0    Dex: 16    Spells: 0 memorised, 3 levels left

rFire  . . .     SeeInvis .     t - +0 war axe
rCold  . . .     Gourm    .     b - +0 robe
rNeg   . . .     Faith    .     (no shield)
rPois  .         Spirit   .     (no helmet)
rElec  .         Reflect  .     (no cloak)
rCorr  .         Harm     .     (no gloves)
MR     .....                    (no boots)
Stlth  ++........               (no amulet)
                                (no ring)
                                (no ring)

@: no status effects
A: slimy green scales 2
a: no special abilities


You were on level 3 of the Dungeon.
You were not hungry.

You visited 1 branch of the dungeon, and saw 3 of its levels.

You collected 173 gold pieces.

Inventory:

Hand Weapons
 a - a +0 hand axe
 t - a +0 war axe (weapon)
Armour
 b - a +0 robe (worn)
Scrolls
 e - 2 scrolls of noise {unknown}
 k - a scroll of magic mapping {unknown}
 l - 4 scrolls of identify {unknown}
 r - a scroll of fear {unknown}
 s - a scroll of teleportation {unknown}
Potions
 d - a potion of curing
 h - a potion of cancellation {unknown}
 i - a potion of flight
 o - a potion of agility {unknown}
 u - a potion of degeneration {unknown}
Comestibles
 c - 4 bread rations
 f - 3 chunks of flesh
 j - 5 fruits
 m - a meat ration
 p - 2 slices of pizza


   Skills:
 - Level 3.0 Fighting
 + Level 5.0 Axes
 - Level 2.6 Dodging
 - Level 1.7 Stealth


You had 3 spell levels left.
You didn't know any spells.

Dungeon Overview and Level Annotations

Branches:
Dungeon (3/15)

Altars:
Fedhas
Hepliaklqana
Nemelex Xobeh


Innate Abilities, Weirdness & Mutations

You are mostly covered in slimy green scales. (AC +3)


Message History

f - 3 chunks of flesh You see here a spear.
You see here a whip.
You start resting.
HP restored.
There is a stone staircase leading down here.
Done exploring.
You climb downwards.
The gnoll hits you with a halberd.
There is a stone staircase leading up, spattered with blood here.
You closely miss the gnoll. The gnoll barely misses you.
You closely miss the gnoll. The gnoll barely misses you.
You completely miss the gnoll. The gnoll hits you with a halberd!
You are too injured to fight recklessly!
You are too injured to fight recklessly!
You are too injured to fight recklessly!
You barely miss the gnoll. The gnoll completely misses you.
You barely miss the gnoll. The gnoll hits you with a halberd!
* * * LOW HITPOINT WARNING * * *
You barely miss the gnoll. The gnoll hits you with a halberd!
You die...

#....# ##......## #....#
#........# #....# #........#
#....# #........########
#....# #........'.......
###รท####........######## #.#
#...)............#
#########.###g#'############.#
#........(...@#>..............
#########.###.#########.####.#
#.# #.# #.# #g# #.# #.# #.#
#.# #.# #.# #.. ..# #.# ###
### #'# #...#


You could see a gnoll.

Vanquished Creatures
  3 gnolls
  2 adders (D:2)
  A worm (D:2)
  2 dart slugs (D:1)
  2 leopard geckos
  An orc (D:3)
  A ball python (D:2)
  4 giant cockroaches
  5 hobgoblins (D:1)
  5 jackals
  4 kobolds
  2 quokkas (D:2)
  6 bats
  3 frilled lizards
  4 goblins
  14 rats
59 creatures vanquished.

Notes
Turn   | Place    | Note
-------+----------+-------------------------------------------
     0 | D:1      | Alarkh the Demonspawn Monk began the quest for the Orb.
     0 | D:1      | Reached XP level 1. HP: 18/18 MP: 1/1
    28 | D:1      | Reached skill level 3 in Axes
   447 | D:1      | Gained mutation: You are partially covered in slimy green scales. (AC +2) [demonic ancestry]
   447 | D:1      | Reached XP level 2. HP: 21/24 MP: 2/2
   747 | D:1      | Gained mutation: You are mostly covered in slimy green scales. (AC +3) [demonic ancestry]
   747 | D:1      | Reached XP level 3. HP: 18/29 MP: 3/3
  1179 | D:2      | Reached skill level 4 in Axes
  1209 | D:2      | Found a blossoming altar of Fedhas.
  1210 | D:2      | Found a sparkling altar of Nemelex Xobeh.
  1306 | D:2      | Found a hazy altar of Hepliaklqana.
  1489 | D:2      | Reached XP level 4. HP: 35/35 MP: 4/4
  2092 | D:3      | HP: 1/35 [gnoll/spear (5)]
  2414 | D:2      | Reached skill level 5 in Axes
  2506 | D:3      | Slain by a gnoll

Skill      XL: |  1  2  3  4 |
---------------+-------------+-----
Axes           | 3 4 5 |  5.0
Fighting       | |  3.0
Dodging        | |  2.6
Stealth        | |  1.7

Action                   |  1- 3 |  4- 6 || total
-------------------------+-------+-------++-------
Melee: Hand axe          |   152 |    41 ||   193
       War axe           |       |    14 ||    14
  Use: Potion            |       |     5 ||     5
 Stab: Sleeping          |     4 |     1 ||     5
  Eat: Chunk             |     2 |     3 ||     5
Armor: Robe              |    33 |    12 ||    45
Dodge: Dodged            |   120 |    41 ||   161
